 Dungeon Crawl Stone Soup version 0.31-a0-210-gccc998df9b (webtiles) character file.

Game seed: 1202864543370665752

184 garrulousMonolith the Slasher (level 5, -1/64 HPs)
             Began as a Gnoll Reaver on July 1, 2023.
             Slain by a goblin
             ... wielding a +0 club
             ... led by Robin
              (4 damage)
             ... on level 4 of the Dungeon.
             The game lasted 00:03:29 (3241 turns).

garrulousMonolith the Slasher (Gnoll Reaver)        Turns: 3241, Time: 00:03:30

Health: -1/64      AC:  5    Str: 11    XL:     5   Next: 63%
Magic:  12/12      EV: 11    Int: 15    God:
Gold:   144        SH:  0    Dex: 10    Spells: 11/14 levels left

rFire   . . .        h - +3 whip (elec)
rCold   . . .        (no shield)
rNeg    . . .        f - +0 ring mail
rPois   .            (no helmet)
rElec   .            (no cloak)
rCorr   .            (no gloves)
SInv    .            (no boots)
Will    .....        (no amulet) Stlth
                     (no ring)
HPRegen 0.30/turn    (no ring)
MPRegen 0.13/turn

%: no passive effects
@: berserking (expiring), very quick
A: fangs 1, strong nose, distributed training
a: no special abilities


You were on level 4 of the Dungeon.
You visited 1 branch of the dungeon, and saw 4 of its levels.

You collected 144 gold pieces.

Inventory:

Hand Weapons
 a - a +0 falchion
 e - a +2 dagger of venom
 h - a +3 whip of electrocution (weapon)
Armour
 b - a +0 leather armour
 f - a +0 ring mail (worn)
Jewellery
 l - a ring of protection from fire
Scrolls
 c - a scroll of identify {unknown}
 g - a scroll of revelation
 i - a scroll of enchant weapon
 k - a scroll of enchant armour {unknown}
 m - a scroll of teleportation {unknown}
 o - a scroll of fog {unknown}
 p - a scroll of torment {unknown}
 r - a scroll of vulnerability {unknown}
Potions
 j - a potion of degeneration {unknown}
 n - a potion of invisibility {unknown}
 q - a potion of curing {unknown}


   Skills:
 + Level 4.8 Fighting
 + Level 1.6 Short Blades
 + Level 6.7 Long Blades
 + Level 1.6 Axes
 + Level 1.6 Maces & Flails
 + Level 1.6 Polearms
 + Level 1.6 Staves
 + Level 1.6 Ranged Weapons
 + Level 1.6 Throwing
 + Level 1.6 Armour
 + Level 4.8 Dodging
 + Level 1.6 Stealth
 + Level 1.6 Shields
 + Level 1.6 Unarmed Combat
 + Level 5.2 Spellcasting
 + Level 5.6 Conjurations
 + Level 1.3 Hexes
 + Level 1.3 Summonings
 + Level 1.3 Necromancy
 + Level 1.3 Translocations
 + Level 1.3 Transmutations
 + Level 1.3 Fire Magic
 + Level 1.3 Ice Magic
 + Level 1.3 Air Magic
 + Level 1.3 Earth Magic
 + Level 1.3 Poison Magic
 + Level 1.9 Invocations
 + Level 1.6 Evocations


You had 11 spell levels left.
You knew the following spells:

 Your Spells              Type           Power      Damage    Failure   Level
a - Kiss of Death         Conj/Necr      56%        2d9       9%          1
b - Momentum Strike       Conj/Tloc      28%        3d8       14%         2

Your spell library contained the following spells:

 Spells                   Type           Power      Damage    Failure   Level
 Hailstorm                Conj/Ice       14%        3d5       26%         3
 Scorch                   Fire           14%        2d6       32%         2
 Flame Wave               Conj/Fire      14%        2d6       65%         4
 Summon Cactus Giant      Summ           3%         N/A       100%        6


Dungeon Overview and Level Annotations

Branches:
Dungeon (4/15)
 Temple: D:4-7

Altars:

Annotations:
D:3 2 transporters, GilGalad's ghost, amateur MiFi


Innate Abilities, Weirdness & Mutations

You have very sharp teeth.
Your uncanny sense of smell can sniff out nearby items.
Your experience applies equally to all skills.


Message History

Robin roars a battlecry!
The goblins go into a battle-frenzy!
The hobgoblin barely misses you.
Things that are here:
6 poisoned darts; a +0 leather armour; a wand of charming (7)
You hit the hobgoblin.
The hobgoblin is almost dead.
The hobgoblin hits you.
* * * LOW HITPOINT WARNING * * *
The hobgoblin hits you but does no damage. x2
The goblin closely misses you.
You whack the hobgoblin!
Lightning courses through the hobgoblin!!
You kill the hobgoblin!
The dart slug launches a dart at you.
The slug dart hits you but does no damage.
The hobgoblin barely misses you. The goblin closely misses you.
The hobgoblin closely misses you.
You barely miss the hobgoblin. You barely miss the hobgoblin.
The hobgoblin barely misses you. The goblin hits you but does no damage.
The hobgoblin hits you but does no damage.
The hobgoblin barely misses you. The dart slug launches a dart at you.
The slug dart hits you.
* * * LOW HITPOINT WARNING * * *
You whack the hobgoblin!
You kill the hobgoblin!
The hobgoblin hits you.
* * * LOW HITPOINT WARNING * * *
The goblin hits you with a +0 club.
* * * LOW HITPOINT WARNING * * *
The hobgoblin barely misses you.
You hit Robin. You bite Robin.
Robin is severely wounded.
The dart slug closely misses you.
You whack Robin!
You kill Robin!
The goblin hits you with a +0 club.
You die...

##.........รท)###
##..####...#
....#.o...##...#
##[#####....
##.##.#.#..)##o#### #....#
##...
#.#).g##..g##....######.#
#..#
#.g.....o..g####........####
... #...#####g#.#
#####.(.....# #... #...#
#..)....# ....
##..########.......# .....
#...og@g..#......<# .....
#....w)g..#.......#
#.........#.......#
#.........#.......#
#.........#.......#
#.........#.......#
#.........#.......#
###################


You could see a dart slug, an orc, 2 hobgoblins and a goblin (strong).

Vanquished Creatures
  An orc priest (D:4)
  An iguana (D:4)
  A sleepcap (D:4)
  Robin (D:4)
  An adder (D:3)
  2 worms
  9 orcs
  2 endoplasms
  3 giant cockroaches
  9 hobgoblins
  3 jackals (D:4)
  9 kobolds
  2 quokkas (D:2)
  8 ball pythons
  5 bats
  3 frilled lizards
  12 goblins
  11 rats
83 creatures vanquished.

Notes
Turn   | Place    | Note
-------+----------+-------------------------------------------
     0 | D:1      | garrulousMonolith the Gnoll Reaver began the quest for the
                  | Orb.
     0 | D:1      | Reached XP level 1. HP: 20/20 MP: 6/6
   226 | D:1      | Reached XP level 2. HP: 26/26 MP: 7/7
  1424 | D:2      | Reached skill level 5 in Spellcasting
  1424 | D:2      | Reached XP level 3. HP: 31/31 MP: 7/9
  1645 | D:2      | Reached skill level 1 in Invocations
  1936 | D:3      | Found a transporter.
  1937 | D:3      | Noticed GilGalad's ghost (amateur MiFi)
  2086 | D:3      | Reached skill level 1 in Short Blades
  2086 | D:3      | Reached skill level 1 in Axes
  2086 | D:3      | Reached skill level 1 in Maces & Flails
  2086 | D:3      | Reached skill level 1 in Polearms
  2086 | D:3      | Reached skill level 1 in Staves
  2086 | D:3      | Reached skill level 1 in Ranged Weapons
  2086 | D:3      | Reached skill level 1 in Throwing
  2086 | D:3      | Reached skill level 1 in Armour
  2086 | D:3      | Reached skill level 1 in Stealth
  2086 | D:3      | Reached skill level 1 in Shields
  2086 | D:3      | Reached skill level 1 in Unarmed Combat
  2086 | D:3      | Reached skill level 1 in Evocations
  2209 | D:3      | Found a transporter.
  2318 | D:3      | Reached XP level 4. HP: 38/38 MP: 11/11
  2412 | D:3      | Learned a level 2 spell: Momentum Strike
  2970 | D:3      | Reached skill level 1 in Hexes
  2970 | D:3      | Reached skill level 1 in Summonings
  2970 | D:3      | Reached skill level 1 in Necromancy
  2970 | D:3      | Reached skill level 1 in Translocations
  2970 | D:3      | Reached skill level 1 in Transmutations
  2970 | D:3      | Reached skill level 1 in Fire Magic
  2970 | D:3      | Reached skill level 1 in Ice Magic
  2970 | D:3      | Reached skill level 1 in Air Magic
  2970 | D:3      | Reached skill level 1 in Earth Magic
  2970 | D:3      | Reached skill level 1 in Poison Magic
  3070 | D:4      | Reached XP level 5. HP: 33/43 MP: 12/12
  3201 | D:4      | Noticed Robin
  3239 | D:4      | HP: 3/64 [hobgoblin[Robin] (3)]
  3241 | D:4      | Killed Robin
  3241 | D:4      | Slain by a goblin

Illustrated notes

Levels and vault maps discovered:
D:1:      nicolae_arrival_somewhat_less_tricky_arrival, layout_rooms,
          serial_rivers, chequers_serial_rivers_room_b,
          chequers_serial_rivers_small_3, chequers_serial_rivers_large_a,
          chequers_serial_rivers_room_a, chequers_serial_rivers_small_3,
          chequers_serial_rivers_room_b
D:2:      minmay_chambers_of_ones, layout_basic, minmay_rat_gold_closets
D:3:      layout_loops_corners, gammafunk_ghost_mausoleum, st_stairs_12,
          minivault_19
D:4:      layout_rooms, gammafunk_temple_overflow_elements, uniq_robin

Skill      XL: |  1  2  3  4 |
---------------+-------------+-----
Spellcasting   | 5 |  5.2
Invocations    | 1 |  1.9
Short Blades   | 1 |  1.6
Axes           | 1 |  1.6
Maces & Flails | 1 |  1.6
Polearms       | 1 |  1.6
Staves         | 1 |  1.6
Ranged Weapons | 1 |  1.6
Throwing       | 1 |  1.6
Armour         | 1 |  1.6
Stealth        | 1 |  1.6
Shields        | 1 |  1.6
Unarmed Combat | 1 |  1.6
Evocations     | 1 |  1.6
Hexes          | 1 |  1.3
Summonings     | 1 |  1.3
Necromancy     | 1 |  1.3
Translocations | 1 |  1.3
Transmutations | 1 |  1.3
Fire Magic     | 1 |  1.3
Ice Magic      | 1 |  1.3
Air Magic      | 1 |  1.3
Earth Magic    | 1 |  1.3
Poison Magic   | 1 |  1.3
Fighting       | |  4.8
Long Blades    | |  6.7
Dodging        | |  4.8
Conjurations   | |  5.6

Action                     |  1- 3 |  4- 6 || total
---------------------------+-------+-------++-------
  Melee: Falchion          |    21 |       ||    21
         Bite              |     8 |     7 ||    15
         Whip              |    96 |    94 ||   190
         Dagger            |    23 |       ||    23
         Punch             |     2 |       ||     2
    Use: Scroll            |     1 |     1 ||     2
         Potion            |       |     2 ||     2
 Armour: Leather armour    |    13 |       ||    13
         Ring mail         |    36 |    41 ||    77
  Dodge: Dodged            |    80 |    83 ||   163

Table legend: (Time is in decaauts)
 A = Elapsed time spent in this place.
 B = Non-inter-level travel time spent in this place.
 C = Inter-level travel time spent in this place.
 D = Time resting spent in this place.
 E = Time spent auto-exploring this place.
 F = Levels seen in this place.
 G = Mean time per level.
                   A        B        C        D        E       F      G
               +--------+--------+--------+--------+--------+-----+--------+
         Total |   3263 |   3164 |     99 |    364 |   2263 |   4 |  815.8 |
       Dungeon |   3263 |   3164 |     99 |    364 |   2263 |   4 |  815.8 |
               +--------+--------+--------+--------+--------+-----+--------+

Top non-repeatable levels by time:
     D:3: 1042 daAuts
     D:1: 983 daAuts
     D:2: 910 daAuts
     D:4: 327 daAuts
